 Dungeon Crawl Stone Soup version 0.16-a0-922-gae79c9c (webtiles) character file.

73 JacquesDerrida the Stinger (level 4, -5/30 HPs)
             Began as a Demonspawn Venom Mage on Sept 30, 2014.
             Slain by an orc warrior
             ... wielding a +0 trident
              (8 damage)
             ... on Level 3 of the Dungeon.
             The game lasted 00:07:02 (1642 turns).

JacquesDerrida the Stinger (Demonspawn Venom Mage)  Turns: 1642, Time: 00:07:02

HP  -5/30        AC  7     Str  8      XL: 4   Next:  8%
MP   4/7         EV 12     Int 22      God:
Gold 87          SH  0     Dex 19      Spells:  1 memorised,  6 levels left

rFire  + . .     SeeInvis .       - Unarmed
rCold  + . .     Clarity  .     a - +0 robe
rNeg   . . .     rCorr    +     (no shield)
rPois  +         rRot     .     k - +2 helmet
rElec  +         Spirit   .     (no cloak)
SustAb .         Warding  .     (no gloves)
rMut   .         Stasis   .     (no boots)
Gourm  .                        (no amulet)
MR     .....                    (no ring)
                                o - +5 ring of dexterity

@: brilliant, resistant, very slightly contaminated, not resistant to hostile
enchantments, unstealthy
A: claws 1, thin metallic scales 1
a: no special abilities


You were on level 3 of the Dungeon.
You were not hungry.

You visited 1 branch of the dungeon, and saw 3 of its levels.

You collected 87 gold pieces.

Inventory:

Hand weapons
 j - a +0 dagger
Missiles
 l - 10 poisoned needles
Armour
 a - a +0 robe (worn)
 k - a +2 helmet (worn)
Magical devices
 n - a wand of frost (1)
 p - a wand of random effects (13)
Comestibles
 c - 4 bread rations
 m - a meat ration
Scrolls
 d - 2 scrolls of enchant armour {unknown}
 g - 2 scrolls of remove curse
 h - 6 scrolls of identify {unknown}
 i - a scroll of magic mapping {unknown}
Jewellery
 o - a +5 ring of dexterity (left claw)
Books
 b - a Young Poisoner's Handbook

   Spells                             Type                      Level
   *Sting                             Conjuration/Poison           1
   Cure Poison                        Poison                       2
   Mephitic Cloud                     Conjuration/Poison/Air       3
   Olgreb's Toxic Radiance            Poison                       4
   Venom Bolt                         Conjuration/Poison           5


   Skills:
 - Level 1.7 Dodging
 - Level 1.7 Stealth
 + Level 2.9 Unarmed Combat
 - Level 2.0 Spellcasting
 - Level 1.4 Conjurations
 - Level 4.0 Poison Magic


You had 6 spell levels left.
You knew the following spells:

 Your Spells              Type           Power        Failure   Level  Hunger
a - Sting                 Conj/Pois      ####         1%          1    #......


Dungeon Overview and Level Annotations

Branches:
Dungeon (3/15)

Altars:
Makhleb
Qazlal
Yredelemnul


Innate Abilities, Weirdness & Mutations

You have sharp fingernails.
You are partially covered in thin metallic scales (AC +2).


Message History

* * * LOW HITPOINT WARNING * * *
An orc comes into view. It is wielding a dagger.
Found a robe.
The orc warrior looks more healthy.
Drink which item? (? for menu, Esc to quit)
You feel protected.
It was a potion of resistance.
The orc warrior misses you.
The orc shouts!
A gnoll comes into view. It is wielding a club.
The gnoll hits you but does no damage.
Drink which item? (? for menu, Esc to quit)
You feel clever all of a sudden.
It was a potion of brilliance.
The orc warrior closely misses you. The gnoll closely misses you.
Unknown command.
Read which item? (? for menu, Esc to quit)
As you read the scroll labeled TOISYWKEMNA, it crumbles to dust.
You feel blessed for a moment.
It was a scroll of remove curse.
The orc warrior hits you from afar with a trident!
You die...

######## #......#
##############......#
.......o............#
%).###########o...[.#
...# #......# ...#
###@#### ...# #g#
#%## #.# #.# #.# #(#
..# #(#### .##
#....## # ####..#
##.#


You could see an orc warrior and a gnoll.

Vanquished Creatures
  A worker ant (D:3)
  An adder (D:2)
  An ooze (D:3)
  2 orcs (D:3)
  8 bats
  2 giant cockroaches
  6 goblins
  3 hobgoblins
  4 jackals (D:2)
  4 kobolds
  A quokka (D:2)
  A giant gecko (D:1)
  2 giant newts
  4 rats
40 creatures vanquished.

Notes
Turn   | Place    | Note
--------------------------------------------------------------
     0 | D:1      | JacquesDerrida, the Demonspawn Venom Mage, began the quest for the Orb.
     0 | D:1      | Reached XP level 1. HP: 13/13 MP: 3/3
   301 | D:1      | Reached skill level 1 in Conjurations
   606 | D:1      | Gained mutation: You are partially covered in thin metallic scales (AC +2). [demonic ancestry]
   606 | D:1      | Reached XP level 2. HP: 19/19 MP: 2/4
   823 | D:2      | Reached skill level 1 in Unarmed Combat
  1025 | D:2      | Found a basalt altar of Yredelemnul.
  1109 | D:2      | Gained mutation: You have sharp fingernails. [demonic ancestry]
  1109 | D:2      | Reached XP level 3. HP: 13/24 MP: 0/6
  1231 | D:2      | Found a burning altar of Makhleb.
  1345 | D:3      | Found a stormy altar of Qazlal.
  1588 | D:3      | Reached XP level 4. HP: 23/30 MP: 7/7
  1618 | D:3      | Noticed an orc warrior
  1642 | D:3      | Slain by an orc warrior

Action                   |  1- 3 |  4- 6 || total
-------------------------+-------+-------++-------
Melee: Unarmed           |    36 |     3 ||    39
 Cast: Sting             |    57 |     6 ||    63
Evoke: Wand              |     1 |     1 ||     2
  Use: Potion            |       |     2 ||     2
       Scroll            |       |     1 ||     1
 Stab: Sleeping          |       |     1 ||     1
  Eat: Chunk             |     3 |       ||     3
